 Dungeon Crawl Stone Soup version 0.29.1-15-g9cfb28693d (webtiles) character file.

Game seed: 4746719956951298597

23282 Renzlar the Blocker (level 13, 0/104 HPs)
             Began as a Gnoll Fighter on Mar 4, 2023.
             Slain by a meliai
             ... wielding a +0 war axe
              (2 damage)
             ... on level 10 of the Dungeon on Mar 5, 2023.
             The game lasted 00:59:31 (14631 turns).

Renzlar the Blocker (Gnoll Fighter)                Turns: 14631, Time: 00:59:31

Health: 0/104      AC: 16    Str: 22    XL:     13   Next: 5%
Magic:  19/25      EV: 15    Int: 12    God:
Gold:   781        SH: 13    Dex: 20    Spells: 21/28 levels left

rFire   . . .      SeeInvis .   k - +0 scimitar (flame)
rCold   . . .      Faith    .   H - +0 kite shield
rNeg    . . .      Spirit   .   D - +3 ring mail of the Curious Places {*Corrode rPois Int+5 Dex+3}
rPois   +          Reflect  .   n - +1 helmet
rElec   .          Harm     .   (no cloak)
rCorr   .          Rampage  .   B - +1 pair of gloves {infuse}
Will    .....                   r - +0 pair of boots
Stlth   ++++......              q - amulet of regeneration
HPRegen 1.07/turn               I - +6 ring of dexterity
MPRegen 0.19/turn               (no ring)

@: lethally poisoned (0 -> -11), freezing walls
A: fangs 1, strong nose, distributed training
a: no special abilities


You were on level 10 of the Dungeon.
You visited 3 branches of the dungeon, and saw 15 of its levels.

You collected 781 gold pieces.

Inventory:

Hand Weapons
 a - a +2 war axe of chaos
 c - a +0 sling
 k - a +0 scimitar of flaming (weapon)
 o - the +1 dagger of Kebusm {pain, rC+}
   (You found it on level 3 of the Dungeon)

   In the hands of one skilled in necromantic magic, it inflicts extra damage on
   living creatures.
   rC:        It protects you from cold.
 z - a +4 dagger of draining
Missiles
 x - 7 poisoned darts
 E - 3 curare-tipped darts (quivered)
Armour
 d - a +0 troll leather armour
 n - a +1 helmet (worn)
 r - a +0 pair of boots (worn)
 B - a +1 pair of gloves of infusion (worn)
 D - the +3 ring mail of the Curious Places (worn) {*Corrode rPois Int+5 Dex+3}
   (You found it on level 6 of the Dungeon)

   Int:       It affects your intelligence (+5).
   Dex:       It affects your dexterity (+3).
   rPois:     It protects you from poison.
   *Corrode:  It may corrode you when you take damage.
 H - a +0 kite shield (worn)
Jewellery
 b - a ring of fire
 h - a ring of ice
 q - an amulet of regeneration (around neck)
 s - an amulet of reflection
 I - a +6 ring of dexterity (left hand)
Wands
 y - a wand of roots (10)
 F - a wand of flame (14)
Scrolls
 j - 5 scrolls of blinking
 v - 4 scrolls of magic mapping
 w - 6 scrolls of teleportation
Potions
 e - 2 potions of mutation
 f - a potion of heal wounds
 i - 4 potions of curing
 l - a potion of invisibility
 m - 3 potions of haste
 p - a potion of magic {unknown}
 t - a potion of berserk rage {unknown}
 C - a potion of flight {unknown}
 G - 2 potions of cancellation {unknown}


   Skills:
 + Level 10.5 Fighting
 + Level 8.2 Short Blades
 + Level 8.2 Long Blades
 + Level 9.4 Axes
 + Level 8.2 Maces & Flails
 + Level 8.2 Polearms
 + Level 8.2 Staves
 + Level 8.2 Ranged Weapons
 + Level 8.2 Throwing
 + Level 10.5 Armour
 + Level 8.2 Dodging
 + Level 8.2 Stealth
 + Level 10.5 Shields
 + Level 8.2 Unarmed Combat
 + Level 8.2 Spellcasting
 + Level 6.8 Conjurations
 + Level 6.8 Hexes
 + Level 6.8 Summonings
 + Level 6.8 Necromancy
 + Level 6.8 Translocations
 + Level 6.8 Transmutations
 + Level 6.8 Fire Magic
 + Level 6.8 Ice Magic
 + Level 6.8 Air Magic
 + Level 6.8 Earth Magic
 + Level 6.8 Poison Magic
 + Level 9.0 Invocations
 + Level 8.2 Evocations


You had 21 spell levels left.
You knew the following spells:

 Your Spells              Type           Power      Damage    Failure   Level
a - Frozen Ramparts       Ice            42%        1d7       9%          3
b - Summon Ice Beast      Ice/Summ       21%        N/A       28%         4

Your spell library contained the following spells:

 Spells                   Type           Power      Damage    Failure   Level
 Sublimation of Blood     Necr           21%        N/A       4%          2
 Ice Form                 Ice/Tmut       21%        N/A       28%         4
 Leda's Liquefaction      Hex/Erth       10%        N/A       28%         4
 Petrify                  Tmut/Erth      21%        N/A       28%         4
 Irradiate                Conj/Tmut      10%        3d15      61%         5
 Lee's Rapid Deconstruct  Erth           10%        3d9*      61%         5
 Statue Form              Tmut/Erth      14%        N/A       99%         6


Dungeon Overview and Level Annotations

Branches:
Dungeon (10/15)            Temple (1/1) D:6            Lair (4/5) D:9
 Shoals (0/4) Lair:3       Spider (0/4) Lair:2
  Slime: Lair:4-5       Orc: D:9-12

Altars:
Ashenzari
Cheibriados
Dithmenos
Elyvilon
Fedhas
Gozag
Hepliaklqana
Makhleb
Nemelex Xobeh
Qazlal
Ru
Sif Muna
Trog
Uskayaw
Vehumet
Wu Jian
Xom
Yredelemnul
Zin

Shops:
D:4 =

Annotations:
D:8 2 transporters, yourfavgirlally's ghost, novice GrEE


Innate Abilities, Weirdness & Mutations

You have very sharp teeth.
Your uncanny sense of smell can sniff out nearby items.
Your experience applies equally to all skills.


Message History

The wall freezes the meliai but does no damage.
You block the meliai's attack. x2
Your Invocations skill increases to level 9!
You hit the meliai. You burn the meliai.
The meliai is moderately wounded.
You feel very sick.
The wall freezes the meliai. x2
The wall freezes the meliai but does no damage.
The meliai mumbles some strange prayers to its god against you.
Something smites you!
* * * LOW HITPOINT WARNING * * *
The wall freezes the meliai.
The meliai hits you with a +0 hand axe.
* * * LOW HITPOINT WARNING * * *
You block the meliai's attack.
The wall freezes the meliai.
The meliai hits you with a +0 hand axe.
* * * LOW HITPOINT WARNING * * *
The meliai barely misses you.
The wall freezes the meliai but does no damage.
You hit the meliai. You burn the meliai.
The meliai is severely wounded.
You feel sick.
The wall freezes the meliai.
You block the meliai's attack.
The meliai stings you but does no damage.
The wall freezes the meliai.
You block the meliai's attack. x2
The wall freezes the meliai.
The meliai hits you with a +0 hand axe!
* * * LOW HITPOINT WARNING * * *
The meliai stings you but does no damage.
The wall freezes the meliai.
The meliai hits you but does no damage.
The meliai stings you but does no damage.
Unknown command.
You slash the meliai! You burn the meliai.
You kill the meliai!
You feel sick.
The wall freezes the meliai but does no damage.
You block the meliai's attack. The meliai stings you.
* * * LOW HITPOINT WARNING * * *
You are lethally poisoned!
The meliai poisons you!
The wall freezes the meliai but does no damage.
The meliai hits you with a +0 war axe.
You die...

##..# ###..#####
#.)[.....# # #
#........# ..
#####........# ...
#...'.......># ....
..###........#####
..... ###
#........'..)#......
#
#........###@y......
# #.......[#
###...... ######+###
...... #.### .# # ∆


You could see a meliai.

Vanquished Creatures
  2 hydras
  Erica (D:8)
  A two-headed ogre (D:9)
  3 death yaks (D:9)
  2 black mambas
  A merfolk siren (Lair:3)
  7 cane toads
  Psyche (D:10)
  Maggie (D:8)
  2 komodo dragons
  2 rime drakes (Lair:3)
  A troll (D:5)
  2 meliai (D:10)
  9 blink frogs
  6 dream sheep (Lair:3)
  A shadow (D:10)
  A vampire (D:9)
  3 basilisks (Lair:2)
  26 yaks
  2 steam dragons
  3 wyverns
  2 redbacks (Lair:2)
  5 water moccasins
  3 black bears
  2 orc warriors
  2 ice beasts
  2 sky beasts
  An ogre (D:6)
  8 wolves (Lair:3)
  A phantom (D:6)
  7 centaurs
  2 kobold brigands (D:8)
  10 bullfrogs
  A scorpion (D:5)
  2 necrophages
  11 wights
  4 killer bees (D:7)
  9 electric eels
  A howler monkey (D:4)
  An iron imp (D:4)
  7 orc priests
  2 jellies
  4 iguanas
  Ijyb (D:4)
  9 orc wizards
  A hell rat (Lair:2)
  Robin (D:2)
  8 adders
  7 river rats
  An ufetubus (D:7)
  3 worms
  4 dart slugs
  21 orcs
  6 ball pythons
  7 bats
  9 endoplasms
  4 giant cockroaches
  12 goblins
  9 hobgoblins
  7 jackals
  4 quokkas
  3 frilled lizards
  10 kobolds
  16 rats
307 creatures vanquished.

Vanquished Creatures (collateral kills)
  A komodo dragon (Lair:3)
  A water moccasin (Lair:3)
2 creatures vanquished.

Vanquished Creatures (others)
  5 fungi
  6 plants
11 creatures vanquished.

Grand Total: 320 creatures vanquished

Notes
Turn   | Place    | Note
-------+----------+-------------------------------------------
     0 | D:1      | Renzlar the Gnoll Fighter began the quest for the Orb.
     0 | D:1      | Reached XP level 1. HP: 23/23 MP: 1/1
   102 | D:1      | Reached XP level 2. HP: 29/29 MP: 2/2
   391 | D:1      | Found a faded altar of an unknown god.
   520 | D:1      | Reached XP level 3. HP: 28/35 MP: 3/3
   836 | D:1      | Reached skill level 1 in Invocations
  1096 | D:2      | Noticed Robin
  1101 | D:2      | Reached skill level 1 in Short Blades
  1101 | D:2      | Reached skill level 1 in Long Blades
  1101 | D:2      | Reached skill level 1 in Maces & Flails
  1101 | D:2      | Reached skill level 1 in Polearms
  1101 | D:2      | Reached skill level 1 in Staves
  1101 | D:2      | Reached skill level 1 in Ranged Weapons
  1101 | D:2      | Reached skill level 1 in Throwing
  1101 | D:2      | Reached skill level 1 in Dodging
  1101 | D:2      | Reached skill level 1 in Stealth
  1101 | D:2      | Reached skill level 1 in Unarmed Combat
  1101 | D:2      | Reached skill level 1 in Spellcasting
  1101 | D:2      | Reached skill level 1 in Evocations
  1107 | D:2      | Killed Robin
  1108 | D:2      | Reached XP level 4. HP: 29/41 MP: 5/5
  1337 | D:2      | Reached skill level 1 in Conjurations
  1337 | D:2      | Reached skill level 1 in Hexes
  1337 | D:2      | Reached skill level 1 in Summonings
  1337 | D:2      | Reached skill level 1 in Necromancy
  1337 | D:2      | Reached skill level 1 in Translocations
  1337 | D:2      | Reached skill level 1 in Transmutations
  1337 | D:2      | Reached skill level 1 in Fire Magic
  1337 | D:2      | Reached skill level 1 in Ice Magic
  1337 | D:2      | Reached skill level 1 in Air Magic
  1337 | D:2      | Reached skill level 1 in Earth Magic
  1337 | D:2      | Reached skill level 1 in Poison Magic
  1871 | D:3      | Reached XP level 5. HP: 44/47 MP: 5/7
  1875 | D:3      | Identified the +1 dagger of Kebusm {pain, rC+}
  2723 | D:4      | Found a snail-covered altar of Cheibriados.
  2738 | D:4      | Reached XP level 6. HP: 52/53 MP: 8/8
  2774 | D:4      | Noticed Ijyb
  2780 | D:4      | Killed Ijyb
  2781 | D:4      | Reached skill level 5 in Axes
  3005 | D:4      | Found Ebbubit's Jewellery Shop.
  3417 | D:5      | Entered Level 5 of the Dungeon
  3463 | D:5      | Reached XP level 7. HP: 57/60 MP: 10/10
  3805 | D:5      | Noticed a troll
  3817 | D:5      | Killed a troll
  4033 | D:5      | Found a basalt altar of Yredelemnul.
  4036 | D:5      | Found a hazy altar of Hepliaklqana.
  4039 | D:5      | Found an ornate altar of the Wu Jian Council.
  4122 | D:5      | Reached XP level 8. HP: 67/67 MP: 12/12
  4502 | D:6      | Identified the +3 ring mail of the Curious Places {*Corrode
                  | rPois Int+5 Dex+3}
  4842 | D:6      | Found a staircase to the Ecumenical Temple.
  4851 | Temple   | Entered the Ecumenical Temple
  5282 | D:6      | Found a shimmering altar of Xom.
  5753 | D:7      | Reached XP level 9. HP: 73/73 MP: 8/14
  7407 | D:7      | Reached skill level 5 in Invocations
  7462 | D:8      | Found a transporter.
  7537 | D:8      | Found a transporter.
  7537 | D:8      | Noticed yourfavgirlally's ghost (novice GrEE)
  7660 | D:7      | Reached skill level 5 in Short Blades
  7660 | D:7      | Reached skill level 5 in Long Blades
  7660 | D:7      | Reached skill level 5 in Maces & Flails
  7660 | D:7      | Reached skill level 5 in Polearms
  7660 | D:7      | Reached skill level 5 in Staves
  7660 | D:7      | Reached skill level 5 in Ranged Weapons
  7660 | D:7      | Reached skill level 5 in Throwing
  7660 | D:7      | Reached skill level 5 in Dodging
  7660 | D:7      | Reached skill level 5 in Stealth
  7660 | D:7      | Reached skill level 5 in Unarmed Combat
  7660 | D:7      | Reached skill level 5 in Spellcasting
  7660 | D:7      | Reached skill level 5 in Evocations
  7660 | D:7      | Reached XP level 10. HP: 81/81 MP: 10/17
  8073 | D:8      | Learned a level 3 spell: Frozen Ramparts
  8145 | D:8      | Noticed Maggie
  8151 | D:8      | Noticed Erica
  8192 | D:8      | Killed Maggie
  8203 | D:8      | Killed Erica
  8595 | D:8      | Found a bloodstained altar of Trog.
  8730 | D:9      | Reached skill level 5 in Conjurations
  8730 | D:9      | Reached skill level 5 in Hexes
  8730 | D:9      | Reached skill level 5 in Summonings
  8730 | D:9      | Reached skill level 5 in Necromancy
  8730 | D:9      | Reached skill level 5 in Translocations
  8730 | D:9      | Reached skill level 5 in Transmutations
  8730 | D:9      | Reached skill level 5 in Fire Magic
  8730 | D:9      | Reached skill level 5 in Ice Magic
  8730 | D:9      | Reached skill level 5 in Air Magic
  8730 | D:9      | Reached skill level 5 in Earth Magic
  8730 | D:9      | Reached skill level 5 in Poison Magic
  8736 | D:9      | Reached XP level 11. HP: 45/89 MP: 1/20
  8945 | D:9      | Noticed a two-headed ogre
  8955 | D:9      | Killed a two-headed ogre
  9136 | D:9      | Noticed a death yak
  9141 | D:9      | Noticed a death yak
  9146 | D:9      | Noticed a death yak
  9157 | D:9      | Killed a death yak
  9171 | D:9      | Killed a death yak
  9199 | D:9      | Killed a death yak
  9428 | D:9      | Found a staircase to the Lair.
 10045 | D:10     | Entered Level 10 of the Dungeon
 10069 | Lair:1   | Entered Level 1 of the Lair of Beasts
 10540 | Lair:1   | Noticed a seven-headed hydra
 10556 | Lair:1   | Killed a two-headed hydra
 10628 | Lair:1   | Reached XP level 12. HP: 83/97 MP: 17/22
 11993 | Lair:2   | Reached skill level 10 in Fighting
 11993 | Lair:2   | Reached skill level 10 in Armour
 11993 | Lair:2   | Reached skill level 10 in Shields
 12387 | Lair:2   | Found a hole to the Spider Nest.
 12878 | Lair:2   | Learned a level 4 spell: Summon Ice Beast
 13100 | Lair:3   | Noticed a five-headed hydra
 13111 | Lair:3   | Killed a one-headed hydra
 13296 | Lair:3   | Found a staircase to the Shoals.
 14381 | D:10     | Reached XP level 13. HP: 99/104 MP: 22/25
 14553 | D:10     | Noticed Psyche
 14569 | D:10     | Killed Psyche
 14630 | D:10     | HP: 5/104 [meliai/+0 hand axe (8)]
 14631 | D:10     | HP: 2/104 [meliai/+0 war axe (2)]
 14631 | D:10     | Slain by a meliai

Illustrated notes

Levels and vault maps discovered:
D:1:      heliophobic_arrival_battle_scene, layout_loops_ring,
          ebering_ecumenical_altar_mist, minivault_5
D:2:      minmay_recursive_quarters, layout_rooms, uniq_robin
D:3:      layout_loops_cross
D:4:      layout_loops_cross, chei_slow_surprise, hangedman_decor_peaks_small,
          minmay_shop_enchanted_jewellery, uniq_ijyb
D:5:      layout_loops_corners, grunt_temple_overflow_diamond,
          minmay_misc_feat_tower
D:6:      layout_basic, lemuel_doored_altar, minmay_temple_entry_waves,
          hangedman_decor_diamond_cutter
D:7:      layout_layer_cave, serial_bayou_lake_a
D:8:      layout_cave_pools, trog_antimagical, gammafunk_ghost_arena,
          uniq_erica, uniq_maggie
D:9:      layout_basic, dpeg_lair_monsters
D:10:     layout_roguey, chequers_temple_overflow_statue_of_worship,
          serial_shops, nicolae_shop_hallway_stairs, uniq_psyche
Temple:   hellmonk_temple_forest_ring
Lair:1:   layout_layer_cave, serial_bayou_pond_c, lemuel_fruit_fields,
          serial_bayou_shore_b, serial_bayou_shore_a, grunt_megastairs_4
Lair:2:   layout_long_grid, spider_nest_entry_webs, kennysheep_abandoned_house
Lair:3:   layout_small_grid, minmay_shoals_entry_lonely_mermaid
Lair:4:   layout_small_grid, minmay_slime_entry_pillars

Skill      XL: |  1  2  3  4  5  6  7  8  9 10 11 12 13 |
---------------+----------------------------------------+-----
Invocations    | 1 2 3 4 5 6 7 8 9 |  9.0
Short Blades   | 1 2 3 5 6 7 8 |  8.2
Long Blades    | 1 2 3 5 6 7 8 |  8.2
Maces & Flails | 1 2 3 5 6 7 8 |  8.2
Polearms       | 1 2 3 5 6 7 8 |  8.2
Staves         | 1 2 3 5 6 7 8 |  8.2
Ranged Weapons | 1 2 3 5 6 7 8 |  8.2
Throwing       | 1 2 3 5 6 7 8 |  8.2
Dodging        | 1 2 3 5 6 7 8 |  8.2
Stealth        | 1 2 3 5 6 7 8 |  8.2
Unarmed Combat | 1 2 3 5 6 7 8 |  8.2
Spellcasting   | 1 2 3 5 6 7 8 |  8.2
Evocations     | 1 2 3 5 6 7 8 |  8.2
Conjurations   | 1 2 3 4 5 6 |  6.8
Hexes          | 1 2 3 4 5 6 |  6.8
Summonings     | 1 2 3 4 5 6 |  6.8
Necromancy     | 1 2 3 4 5 6 |  6.8
Translocations | 1 2 3 4 5 6 |  6.8
Transmutations | 1 2 3 4 5 6 |  6.8
Fire Magic     | 1 2 3 4 5 6 |  6.8
Ice Magic      | 1 2 3 4 5 6 |  6.8
Air Magic      | 1 2 3 4 5 6 |  6.8
Earth Magic    | 1 2 3 4 5 6 |  6.8
Poison Magic   | 1 2 3 4 5 6 |  6.8
Axes           | 5 6 7 8 9 |  9.4
Fighting       | 7 8 9 10 | 10.5
Armour         | 7 8 9 10 | 10.5
Shields        | 7 8 9 10 | 10.5

Action                   |  1- 3 |  4- 6 |  7- 9 | 10-12 | 13-15 || total
-------------------------+-------+-------+-------+-------+-------++-------
Melee: War axe           |    78 |   120 |   201 |    38 |       ||   437
       Bite              |     2 |    12 |    17 |    96 |     4 ||   131
       Dagger            |       |    27 |    22 |       |     1 ||    50
       Scimitar          |       |       |       |   493 |    23 ||   516
       Trident           |       |       |       |    47 |       ||    47
 Fire: Sling             |       |   103 |    65 |   168 |     2 ||   338
Throw: Dart              |       |       |       |     2 |       ||     2
 Cast: Frozen Ramparts   |       |       |       |    16 |     2 ||    18
       Summon Ice Beast  |       |       |       |     1 |       ||     1
Evoke: Wand              |       |       |       |     1 |       ||     1
  Use: Scroll            |     8 |     5 |     3 |     3 |     1 ||    20
       Potion            |       |     1 |     1 |     9 |       ||    11
 Stab: Sleeping          |       |       |     1 |       |     1 ||     2
       Invisible         |       |       |       |     6 |       ||     6
       Distracted        |       |       |       |     1 |       ||     1
Armor: Chain mail        |    16 |       |       |       |       ||    16
       Scale mail        |    22 |    52 |     8 |       |       ||    82
       Troll leather arm |       |       |   101 |   109 |       ||   210
       Ring mail         |       |       |       |    66 |    14 ||    80
Dodge: Dodged            |    19 |    32 |    93 |   268 |     6 ||   418
Block: Buckler           |     2 |       |       |       |       ||     2
       Tower shield      |    49 |   106 |    76 |       |       ||   231
       Kite shield       |       |       |    70 |   335 |    18 ||   423
